 Dungeon Crawl Stone Soup version 0.30-a0-1160-g6e42c06551 (webtiles) character file.

Game seed: 12165558565249769451

150 Orangeyouglad the Ducker (level 5, -1/63 HPs)
             Began as a Human Monk on Apr 26, 2023.
             Succumbed to an orc's poison
             ... on level 3 of the Dungeon.
             The game lasted 00:04:27 (2456 turns).

Orangeyouglad the Ducker (Human Monk)               Turns: 2456, Time: 00:04:27

Health: -1/63      AC: 22    Str: 13    XL:     5   Next: 58%
Magic:  5/5        EV:  2    Int: 11    God:
Gold:   159        SH:  0    Dex: 15    Spells: 4/4 levels left

rFire   . . .        a - +0 falchion
rCold   . . .        d - orb {light}
rNeg    . . .        l - melded +0 ring mail
rPois   +            (helmet currently unavailable)
rElec   .            r - melded +0 cloak
rCorr   .            (gloves currently unavailable)
SInv    .            (boots currently unavailable)
Will    .....        (no amulet)
Stlth   +            (no ring)
HPRegen 0.30/turn    (no ring)
MPRegen 0.09/turn

%: no passive effects
@: lethally poisoned (-1 -> -16), tree-form, glowing
A: stationary, stasis, torment immunity, boosted hp
a: no special abilities


You were on level 3 of the Dungeon.
You were a tree.
You visited 1 branch of the dungeon, and saw 4 of its levels.

You collected 159 gold pieces.

Inventory:

Hand Weapons
 a - a +0 falchion (weapon)
 m - a +0 sling
Missiles
 i - 6 boomerangs (quivered)
Armour
 b - a +0 robe
 d - an orb of light (worn)
 l - a +0 ring mail (melded)
 r - a +0 cloak (melded)
Magical Staves
 o - a staff of fire
Wands
 e - a wand of flame (14)
Scrolls
 f - 2 scrolls of magic mapping {unknown}
 g - 2 scrolls of identify {unknown}
 h - 3 scrolls of poison
 j - a scroll of fog {unknown}
 p - a scroll of vulnerability {unknown}
Potions
 k - a potion of lignification
 n - a potion of degeneration {unknown}
 q - 2 potions of curing {unknown}


   Skills:
 + Level 4.1 Fighting
 + Level 4.1 Long Blades
 + Level 4.1 Dodging


You had 4 spell levels left.
You didn't know any spells.
Your spell library contained the following spells:

 Spells                   Type           Power      Damage    Failure   Level
 Magic Dart               Conj           0%         1d3       34%         1
 Sandblast                Erth           0%         2d4       34%         1
 Call Imp                 Summ           0%         N/A       47%         2
 Passwall                 Tmut/Erth      0%         N/A       47%         2
 Mephitic Cloud           Conj/Pois/Air  0%         N/A       71%         3
 Stone Arrow              Conj/Erth      0%         3d7       71%         3


Dungeon Overview and Level Annotations

Branches:
Dungeon (4/15)
 Temple: D:4-7

Altars:
Cheibriados

Shops:
D:1 [

Annotations:
D:4 Eustachio, Sigmund


Message History

You barely miss the orc.
The orc wizard hits you but does no damage.
The orc hits you with a +0 flail of venom.
You are poisoned.
You closely miss the orc wizard.
The orc wizard is severely wounded.
You feel less confused.
You feel very sick.
The orc wizard hits you with a +0 dagger.
The orc closely misses you.
You hit the orc wizard.
The orc wizard is almost dead.
You feel sick. The orc wizard casts a spell at you. The magic dart hits you.
The orc hits you with a +0 flail of venom.
You are more poisoned.
You hit the orc wizard but do no damage.
The orc wizard is almost dead.
You feel very sick.
The orc wizard hits you with a +0 dagger.
The orc hits you with a +0 flail of venom.
* * * LOW HITPOINT WARNING * * *
* * * LOW HITPOINT WARNING * * *
You feel very sick.
The orc wizard hits you with a +0 dagger.
* * * LOW HITPOINT WARNING * * *
You see here a +0 robe.
It was a potion of lignification.
You turn into a tree.
Your +0 cloak melds into your body.
Your +0 ring mail melds into your body.
Your roots penetrate the ground.
* * * LOW HITPOINT WARNING * * *
You feel very sick.
The orc wizard hits you but does no damage.
The orc hits you with a +0 flail of venom.
* * * LOW HITPOINT WARNING * * *
You are more poisoned.
You hit the orc wizard but do no damage.
The orc wizard is almost dead.
You die...

########## ##### #........#
#########.^.. ##.8...8..#
#......##....
#..÷....8.#######............
#...÷.......♣o...............
#÷.......####o##............†
#...)....####.#...#.......###
#_..÷)÷.8.....#.o.#.......#
#########...###o..#.......#
#..........>...........###
#....)...##..##..........#
#........##..##..........#
#........##..##..........#


You could see an orc wizard and an orc.

Vanquished Creatures
  Robin (D:2)
  6 adders
  A worm (D:2)
  2 dart slugs (D:1)
  2 orcs (D:3)
  9 ball pythons
  An endoplasm (D:1)
  A giant cockroach (D:1)
  17 goblins
  6 hobgoblins
  5 quokkas
  6 bats
  3 frilled lizards
  8 kobolds
  4 rats
72 creatures vanquished.

Vanquished Creatures (others)
  3 plants (D:1)
3 creatures vanquished.

Grand Total: 75 creatures vanquished

Notes
Turn   | Place    | Note
-------+----------+-------------------------------------------
     0 | D:1      | Orangeyouglad the Human Monk began the quest for the Orb.
     0 | D:1      | Reached XP level 1. HP: 18/18 MP: 1/1
    94 | D:1      | Reached XP level 2. HP: 24/24 MP: 2/2
    94 | D:1      | Found Woriynk's Antique Armour Emporium.
   430 | D:1      | Reached XP level 3. HP: 27/29 MP: 3/3
   966 | D:2      | Noticed Robin
  1005 | D:1      | Reached XP level 4. HP: 15/35 MP: 4/4
  1048 | D:2      | Found a snail-covered altar of Cheibriados.
  1574 | D:2      | Killed Robin
  1575 | D:2      | Reached XP level 5. HP: 30/42 MP: 5/5
  2063 | D:3      | Found a faded altar of an unknown god.
  2423 | D:4      | Noticed Eustachio
  2423 | D:4      | Noticed Sigmund
  2455 | D:3      | HP: 3/63 [orc/+0 flail of venom (2)]
  2456 | D:3      | Succumbed to an orc's poison

Illustrated notes

Levels and vault maps discovered:
D:1:      lightli_arrival_lavapool, layout_loops_ring, serial_shops,
          nicolae_square_shop, skrybe_limestone_x, serial_bayou_lagoon_b
D:2:      layout_basic, basic_altar, uniq_robin
D:3:      layout_basic, shapermc_ecumenical_altar_pompeii
D:4:      layout_rooms, serial_shops, nicolae_shop_just_a_little_nook,
          uniq_grinder, uniq_natasha, uniq_eustachio, uniq_sigmund

Skill      XL: |  1  2  3  4  5 |
---------------+----------------+-----
Dodging        | 4 |  4.1
Long Blades    | 4 |  4.1
Fighting       | 4 |  4.1

Action                     |  1- 3 |  4- 6 || total
---------------------------+-------+-------++-------
  Melee: Falchion          |    74 |   111 ||   185
  Throw: Boomerang         |    10 |    25 ||    35
    Use: Scroll            |       |     2 ||     2
         Potion            |       |     2 ||     2
 Armour: Robe              |    12 |       ||    12
         Ring mail         |    13 |    44 ||    57
         Skin              |       |     1 ||     1
  Dodge: Dodged            |    77 |    77 ||   154

Table legend: (Time is in decaauts)
 A = Elapsed time spent in this place.
 B = Non-inter-level travel time spent in this place.
 C = Inter-level travel time spent in this place.
 D = Time resting spent in this place.
 E = Time spent auto-exploring this place.
 F = Levels seen in this place.
 G = Mean time per level.
                   A        B        C        D        E       F      G
               +--------+--------+--------+--------+--------+-----+--------+
         Total |   2521 |   2370 |    151 |     36 |   1551 |   4 |  630.2 |
       Dungeon |   2521 |   2370 |    151 |     36 |   1551 |   4 |  630.2 |
               +--------+--------+--------+--------+--------+-----+--------+

Top non-repeatable levels by time:
     D:2: 1062 daAuts
     D:1: 909 daAuts
     D:3: 548 daAuts
     D:4: 1 daAuts
